 Dungeon Crawl Stone Soup version 0.30.0-17-ge0270778cf (webtiles) character file.

Game seed: 6267280207517420997

618368 wingedge the Convoker (level 27, -13/221 HPs)
             Began as a Human Earth Elementalist on May 20, 2023.
             Was a High Priest of Ashenzari.
             Killed from afar by a war gargoyle (59 damage)
             ... with a spray of metal splinters
             ... in the Vestibule of Hell on May 22, 2023.
             The game lasted 06:05:59 (77310 turns).

wingedge the Convoker (Human Earth Elementalist)   Turns: 77310, Time: 06:05:59

Health: -13/221    AC:  9    Str: 16      XL:     27
Magic:  5/47       EV: 31    Int: 29 (30) God:    Ashenzari [*****.]
Gold:   4226       SH: 21    Dex: 19      Spells: 1/66 levels left

rFire   + . .        a - +10 falchion of the Wild Blue Yonder {distort, rCorr, Self, Elem} (curse)
rCold   + + .        G - +5 Storm Queen's Shield {shock, Fly rElec, Melee, Cun} (curse)
rNeg    + . .        u - +0 robe of the Evil One {rCorr Int+3 Archmagi}
rPois   +            z - +0 helmet of the Manifest Adversity {rPois Regen+ Str+2, Fort, Elem} (curse)
rElec   +            K - scarf "Gaze Upon Infinity" {rC+ rF+, Cun, Comp} (curse)
rCorr   +            H - +2 pair of gloves of Panopticon {Str+3, Comp, Fort} (curse)
SInv    +            i - +0 pair of boots "Restrained Together" {Regen+ Dex+5, Elem, Bglg} (curse)
Will    ++++.        E - amulet of Toth-Mos's Legacy {+Blink Will+ Regen+ Slay+2, Elem, Fort} (curse)
Stlth   ++++++       V - ring of the Hare {EV+10, Bglg, Comp} (curse)
HPRegen 2.96/turn    v - ring of the Unkillable {rC+ rN+ Will+}
MPRegen 0.30/turn

%: clarity, archmagi
@: calling dragons, flying, studying Hexes
A: mutation resistance 1
}: 5/15 runes: barnacled, slimy, silver, abyssal, gossamer
a: Renounce Religion, Evoke Blink, Curse Item, Shatter the Chains


You were in the Vestibule of Hell.
You worshipped Ashenzari.
Ashenzari was extremely pleased with you.
You visited 12 branches of the dungeon, and saw 52 of its levels.
You visited the Abyss 2 times.
You visited 2 bazaars.
You also visited: Gauntlet and Wizlab.

You collected 11602 gold pieces.
You spent 7376 gold pieces at shops.

Inventory:

Hand Weapons
 a - the cursed +10 falchion of the Wild Blue Yonder (weapon) {distort, rCorr, Self, Elem}
   (You found it on level 5 of the Dungeon)

   rCorr:     It protects you from acid and corrosion.
   It has a curse which improves the following skills: Introspection: Fighting
   and Spellcasting.
   Elements:  Fire Magic, Ice Magic, Air Magic and Earth Magic.
 b - the +8 autumn katana {manifold assault}
   (You acquired it on level 4 of the Shoals)
 h - a +4 antimagic double sword
Armour
 i - the cursed +0 pair of boots "Restrained Together" (worn) {Regen+ Dex+5, Elem, Bglg}
   (You acquired it on level 2 of the Dungeon)

   Dex:       It affects your dexterity (+5).
   Regen:     It increases your rate of health regeneration.
   It has a curse which improves the following skills: Elements: Fire Magic, Ice
   Magic, Air Magic and Earth Magic.
   Beguiling: Conjurations, Hexes and Translocations.
 q - the +0 leather armour of Whack-A-Mole {Contam Harm Rampage rF+++}
   (You found it on level 3 of the Lair of Beasts)

   rF:        It renders you almost immune to fire.
   Contam:    It causes magical contamination when unequipped.
   Harm:      It increases damage dealt and taken.
   Rampage:   It bestows one free step when moving towards enemies.
 u - the +0 robe of the Evil One (worn) {rCorr Int+3 Archmagi}
   (You found it on level 2 of the Elven Halls)

   Int:       It affects your intelligence (+3).
   rCorr:     It protects you from acid and corrosion.
   Archmagi:  It increases the power of your magical spells.
 y - a scarf of repulsion
 z - the cursed +0 helmet of the Manifest Adversity (worn) {rPois Regen+ Str+2, Fort, Elem}
   (You found it on level 5 of the Pits of Slime)

   Str:       It affects your strength (+2).
   rPois:     It protects you from poison.
   Regen:     It increases your rate of health regeneration.
   It has a curse which improves the following skills: Fortitude: Armour and
   Shields.
   Elements:  Fire Magic, Ice Magic, Air Magic and Earth Magic.
 G - the cursed +5 Storm Queen's Shield (worn) {shock, Fly rElec, Melee, Cun}
   (You bought it in a shop on level 2 of the Orcish Mines)

   Shock:     When it blocks an attack, it may electrocute the attacker.
   This works even against foes who are a short distance away.
   rElec:     It insulates you from electricity.
   Fly:       It grants you flight.
   It has a curse which improves the following skills: Melee Combat: Short
   Blades, Long Blades, Axes, Maces & Flails, Polearms, Staves and Unarmed
   Combat.
   Cunning:   Dodging and Stealth.
 H - the cursed +2 pair of gloves of Panopticon (worn) {Str+3, Comp, Fort}
   (You found it on level 5 of the Dungeon)

   It has a curse which improves the following skills: Companions: Summonings
   and Necromancy.
   Fortitude: Armour and Shields.
 K - the cursed scarf "Gaze Upon Infinity" (worn) {rC+ rF+, Cun, Comp}
   (You found it on level 4 of the Spider Nest)

   It has a curse which improves the following skills: Cunning: Dodging and
   Stealth.
   Companions: Summonings and Necromancy.
Jewellery
 j - an amulet of magic regeneration
 o - the ring of Weruyvun {Wiz Will+ Dex+4 Slay+2 Stlth-}
   (You bought it in a shop on level 3 of the Elven Halls)

   [ring of wizardry]

   It improves your spell success rate.
   Dex:       It affects your dexterity (+4).
   Slay:      It affects your accuracy & damage with ranged weapons and melee
   (+2).
   Will:      It increases your willpower.
   Stlth:     It makes you less stealthy.
 r - the ring "Ivoruruh" {Fire rPois Dex+2}
   (You found it in a Gauntlet)

   [ring of fire]

   It enhances your fire magic.
   Dex:       It affects your dexterity (+2).
   rF:        It protects you from fire.
   rC:        It makes you vulnerable to cold.
   rPois:     It protects you from poison.
 v - the ring of the Unkillable (right hand) {rC+ rN+ Will+}
   (You took it off a vampire on level 3 of the Crypt)

   [ring of positive energy]

   rC:        It protects you from cold.
   rN:        It protects you from negative energy.
   Will:      It increases your willpower.
 E - the cursed amulet of Toth-Mos's Legacy (around neck) {+Blink Will+ Regen+ Slay+2, Elem, Fort}
   (You acquired it on level 2 of the Depths)

   [amulet of regeneration]

   Slay:      It affects your accuracy & damage with ranged weapons and melee
   (+2).
   +Blink:    It lets you blink.
   Regen:     It increases your rate of health regeneration.
   Will:      It increases your willpower.
   It has a curse which improves the following skills: Elements: Fire Magic, Ice
   Magic, Air Magic and Earth Magic.
   Fortitude: Armour and Shields.
 M - the ring of Enteluf {rC+ rCorr}
   (You took it off a deep elf annihilator on level 3 of the Elven Halls)

   [ring of resist corrosion]

   rC:        It protects you from cold.
   rCorr:     It protects you from acid and corrosion.
 U - the ring "Seesur" {rElec Will+ AC+4 Stlth+}
   (You found it on level 4 of the Shoals)

   [ring of protection]

   AC:        It affects your AC (+4).
   rElec:     It insulates you from electricity.
   Will:      It increases your willpower.
   Stlth:     It makes you more stealthy.
 V - the cursed ring of the Hare (left hand) {EV+10, Bglg, Comp}
   (You found it on level 4 of the Lair of Beasts)

   [ring of evasion]

   EV:        It affects your evasion (+10).
   It has a curse which improves the following skills: Beguiling: Conjurations,
   Hexes and Translocations.
   Companions: Summonings and Necromancy.
Wands
 n - a wand of quicksilver (3)
 t - a wand of digging (23)
Scrolls
 f - 3 scrolls of amnesia
 g - a scroll of torment
 m - 7 scrolls of fear
 p - 21 scrolls of teleportation
 s - 8 scrolls of fog
 w - 13 scrolls of poison
 F - 10 scrolls of blinking
 N - 10 scrolls of magic mapping
 P - a scroll of acquirement
 S - 8 scrolls of silence
 T - 11 scrolls of enchant armour
Potions
 c - 19 potions of curing
 d - 5 potions of cancellation
 e - 10 potions of brilliance
 l - 9 potions of haste
 A - 15 potions of heal wounds
 B - 5 potions of mutation
 C - 3 potions of resistance
 D - 18 potions of attraction
 J - 2 potions of berserk rage
 L - 6 potions of magic
 Q - 13 potions of might
 R - 11 potions of ambrosia
 Z - 7 potions of invisibility
Miscellaneous
 k - a condenser vane
 x - a lightning rod (4/4)
 I - a box of beasts
 O - a phial of floods
 W - a phantom mirror


   Skills:
 - Level 17.0(19.0) Fighting
 - Level 10.8(12.9) Long Blades
 - Level 7.7(11.9) Armour
 - Level 10.8(13.9) Dodging
 - Level 11.8(14.9) Stealth
 - Level 14.9(19.0) Shields
 - Level 18.0(20.0) Spellcasting
 + Level 13.5(16.6) Conjurations
 - Level 9.8(13.0) Hexes
 - Level 20.3(24.1) Summonings
 + Level 17.5(21.4) Necromancy
 - Level 9.8(13.0) Translocations
 - Level 8.0 Transmutations
 - Level 2.3(6.0) Fire Magic
 - Level 3.7(8.0) Ice Magic
 - Level 5.6(10.4) Air Magic
 + Level 11.8(16.8) Earth Magic
 - Level 7.4 Poison Magic
 - Level 5.5 Evocations


You had one spell level left.
You knew the following spells:

 Your Spells              Type           Power      Damage    Failure   Level
a - Irradiate             Conj/Tmut      50%        3d28      1%          5
b - Malign Gateway        Summ/Tloc      58%        N/A       1%          7
c - Ignite Poison         Fire/Tmut/Pois 82%        N/A       1%          3
d - Poisonous Vapours     Pois/Air       100%       N/A       1%          2
e - Lehudib's Crystal Sp  Conj/Erth      56%        10d13     13%         8
h - Death Channel         Necr           62%        N/A       1%          6
i - Sublimation of Blood  Necr           100%       N/A       0%          2
j - Ozocubu's Armour      Ice            85%        N/A       1%          3
k - Haunt                 Necr/Summ      63%        N/A       1%          7
l - Summon Horrible Thin  Summ           65%        N/A       1%          8
m - Borgnjor's Vile Clut  Necr/Erth      59%        N/A       1%          5
o - Dragon's Call         Summ           65%        N/A       10%         9

Your spell library contained the following spells:

 Spells                   Type           Power      Damage    Failure   Level
 Apportation              Tloc           100%       N/A       0%          1
 Kiss of Death            Conj/Necr      100%       2d13      0%          1
 Magic Dart               Conj           100%       1d8       0%          1
 Necrotise                Necr           100%       1d9       0%          1
 Sandblast                Erth           100%       2d20      0%          1
 Slow                     Hex            100%       N/A       0%          1
 Summon Small Mammal      Summ           100%       N/A       0%          1
 Beastly Appendage        Tmut           100%       N/A       1%          1
 Sting                    Tmut/Pois      100%       1d8       1%          1
 Call Imp                 Summ           100%       N/A       0%          2
 Cigotuvi's Dreadful Rot  Necr/Pois/Air  100%       N/A       0%          2
 Lesser Beckoning         Tloc           100%       N/A       0%          2
 Momentum Strike          Conj/Tloc      100%       3d10      0%          2
 Static Discharge         Conj/Air       100%       2-7/arc   0%          2
 Dazzling Flash           Conj/Hex       100%       N/A       0%          3
 Stone Arrow              Conj/Erth      100%       3d13      0%          3
 Vampiric Draining        Necr           100%       2d13      0%          3
 Anguish                  Hex/Necr       57%        N/A       0%          4
 Animate Armour           Summ/Erth      100%       N/A       0%          4
 Animate Dead             Necr           100%       N/A       0%          4
 Dispel Undead            Necr           100%       3d31      0%          4
 Summon Lightning Spire   Summ/Air       100%       N/A       0%          4
 Agony                    Necr           100%       N/A       0%          5
 Summon Cactus Giant      Summ           65%        N/A       0%          6
 Ensorcelled Hibernation  Hex/Ice        100%       N/A       1%          2
 Passwall                 Tmut/Erth      83%        N/A       1%          2
 Scorch                   Fire           100%       2d9       1%          2
 Wereblood                Tmut           85%        N/A       1%          2
 Confusing Touch          Hex            100%       N/A       1%          3
 Frozen Ramparts          Ice            100%       1d16      1%          3
 Gell's Gravitas          Tloc           100%       N/A       1%          3
 Hailstorm                Conj/Ice       100%       3d20      1%          3
 Mephitic Cloud           Conj/Pois/Air  97%        N/A       1%          3
 Portal Projectile        Hex/Tloc       100%       N/A       1%          3
 Spider Form              Tmut/Pois      84%        N/A       1%          3
 Swiftness                Air            94%        N/A       1%          3
 Teleport Other           Tloc           100%       N/A       1%          3
 Tukima's Dance           Hex            100%       N/A       1%          3
 Vhi's Electric Charge    Tloc/Air       100%       N/A       1%          3
 Volatile Blastmotes      Fire/Tloc      100%       2d18      1%          3
 Airstrike                Air            47%        2d(7-23)  1%          4
 Cause Fear               Hex            51%        N/A       1%          4
 Flame Wave               Conj/Fire      97%        2d20      1%          4
 Fulminant Prism          Conj/Hex       53%        3d23      1%          4
 Ice Form                 Ice/Tmut       85%        N/A       1%          4
 Iskenderun's Mystic Bla  Conj/Tloc      100%       2d19      1%          4
 Olgreb's Toxic Radiance  Pois           83%        N/A       1%          4
 Petrify                  Tmut/Erth      100%       N/A       1%          4
 Summon Ice Beast         Ice/Summ       100%       N/A       1%          4
 Arcjolt                  Conj/Air       51%        1d61      1%          5
 Blade Hands              Tmut           42%        N/A       1%          5
 Fireball                 Conj/Fire      48%        3d19      1%          5
 Freezing Cloud           Conj/Ice/Air   49%        6-21      1%          5
 Iskenderun's Battlesphe  Conj           100%       2d15      1%          5
 Lee's Rapid Deconstruct  Erth           56%        3d26*     1%          5
 Metabolic Englaciation   Hex/Ice        47%        N/A       1%          5
 Summon Forest            Summ/Tloc      58%        N/A       1%          5
 Summon Mana Viper        Hex/Summ       100%       N/A       1%          5
 Yara's Violent Unravell  Hex/Tmut       47%        3d18      1%          5
 Conjure Ball Lightning   Conj/Air       51%        3x3d18    1%          6
 Simulacrum               Ice/Necr       53%        N/A       1%          6
 Monstrous Menagerie      Summ           65%        N/A       1%          7
 Orb of Destruction       Conj           56%        9d14      1%          7
 Summon Hydra             Summ           65%        N/A       1%          7
 Alistair's Intoxication  Tmut/Pois      56%        N/A       2%          5
 Starburst                Conj/Fire      48%        6d13      2%          6
 Enfeeble                 Hex            51%        N/A       8%          7
 Plasma Beam              Fire/Air       43%        2x1d62    10%         6
 Eringya's Noxious Bog    Tmut/Pois      42%        N/A       12%         6
 Storm Form               Tmut/Air       44%        N/A       36%         7
 Ozocubu's Refrigeration  Ice            42%        4d16      50%         7
 Dragon Form              Tmut           42%        N/A       52%         7
 Discord                  Hex            51%        N/A       52%         8
 Disjunction              Tloc           51%        N/A       52%         8
 Maxwell's Capacitive Co  Air            47%        ∞         86%         8
 Shatter                  Erth           56%        3d42*     88%         9
 Chain Lightning          Conj/Air       51%        3d68      100%        9
 Fire Storm               Conj/Fire      48%        8d12      100%        9


Dungeon Overview and Level Annotations

Branches:
Dungeon (15/15)            Temple (1/1) D:5            Lair (5/5) D:8
 Shoals (4/4) Lair:3       Spider (4/4) Lair:2        Slime (5/5) Lair:4
    Orc (2/2) D:11            Elf (3/3) Orc:2        Vaults (5/5) D:13
  Crypt (3/3) Vaults:2       Tomb (0/3) Crypt:3      Depths (4/4) D:15
   Hell (1/1)                 Zot (0/5) Depths:4     WizLab (visited)
Gauntlet (visited)
    Dis: Hell:1         Geh: Hell:1         Coc: Hell:1         Tar: Hell:1

Altars:
Ashenzari
Cheibriados
Dithmenos
Elyvilon
Fedhas
Gozag
Hepliaklqana
Kikubaaqudgha
Makhleb
Nemelex Xobeh
Okawaru
Qazlal
Ru
Sif Muna
Trog
Uskayaw
Vehumet
Wu Jian
Xom
Yredelemnul
Zin
The Shining One

Shops:
D:2 ?   D:10 [   D:11 (   D:14 [   Orc:2 *[:   Elf:1 ?=   Elf:3 :==
Shoals:2 (   Shoals:3 [   Vaults:1 [   Vaults:5 !?==!(!   Depths:3 *

Portals:
Hell: Depths:1 Depths:2 Depths:3 Depths:4
Abyss: Depths:1 Depths:3
Pandemonium: Depths:2 Depths:3 Depths:4
Ziggurat: Depths:4
Trove: Vaults:3 (give 9 potions of haste)

Annotations:
Abyss:1 theMacoje's ghost, adept OgEn


Innate Abilities, Weirdness & Mutations

You are somewhat resistant to further mutation.


Message History

You feel magically purged.
You feel yourself speed up.
Your unholy channel expires.
You are no longer corroded.
The zombie hands lose their grip on something.
You hear a shout!
You hear a chilling moan.
Your spectral hell rat fades into mist!
Your spectral rust devil fades into mist!
Your spectral sun demon fades into mist!
Your spectral hell rat fades into mist!
The sun demon hits your fire dragon.
Your fire dragon is engulfed in flames.
Your fire dragon resists.
The quicksilver dragon simulacrum bites something.
The quicksilver dragon simulacrum freezes something!
The quicksilver dragon simulacrum claws something.
The quicksilver dragon simulacrum freezes something!
Your fire dragon bites the rust devil.
Your fire dragon barely misses the rust devil.
Your fire dragon tramples the rust devil but does no damage.
The war gargoyle hits your iron dragon with a +0 flail!
The soul eater closely misses your shadow dragon.
The reaper draws a finger across its throat.
You block the reaper's attack.
Your shield discharges, shocking the reaper!
The reaper hits you from afar with a +3 scythe of protection!!!
* * * LOW HITPOINT WARNING * * *
The freezing wraith hits your fire dragon!
The freezing wraith freezes your fire dragon!!
Your fire dragon is frozen!
The freezing wraith completely misses your fire dragon.
You block the rust devil's attack. The rust devil hits your fire dragon!
Your fire dragon seems to be corroded for longer.
The sun demon hits your fire dragon!!
Your fire dragon is engulfed in flames.
Your fire dragon resists.
The quicksilver dragon simulacrum closely misses something.
The quicksilver dragon simulacrum claws something.
The quicksilver dragon simulacrum freezes something!
The war gargoyle launches metal splinters at you.
The spray of metal splinters misses your iron dragon.
The spray of metal splinters hits you!!!
You die...

* ~** ,..# , ~* ...#
**~~, ...# ~~*
#...## ~~ ##pZ...##
,* ~ ~ * ##434Z...#
* , ⌠ ,* § ~
##3DDDD2.∩.
**.≈≈§####D.WWZ§§≈DZ
** ,,
,..§§≈..@D92§≈2≈≈..,
, ,,
.....§.4.2≈§≈≈D§≈.,
,,, ,
,§§§§§§...24≈≈§≈≈≈.
,,, * , ,
,§§§####.Dr2§≈§r..
** * , *~§§**
##.Z4D≈r.∩. * ,, *
~, ##...2Z..# * , *~
* *#4r2..# * , *~
,** #.4.# , ~~,


You could see 2 iron dragons, an ice dragon, a lorocyproca (invisible), 4
reapers, a blizzard demon, a soul eater, a sun demon, a war gargoyle (catching
breath), 6 rust devils, 2 freezing wraiths, a necromancer, a red devil, 3 hell
rats, a quicksilver dragon simulacrum (distracted), an ettin zombie, a tengu
reaver zombie, a minotaur skeleton, a friendly shadow dragon (summoned,
corroded), a friendly iron dragon (summoned, catching breath), a friendly fire
dragon (summoned, corroded) and a friendly ice dragon (summoned).

Vanquished Creatures
  Mara (Depths:2)
  A Head Instructor (WizLab)
  Margery (Crypt:1)
  A bone dragon (Crypt:3)
  Jorgrun (D:14)
  A walking crystal tome (Depths:3)
  A tentacled monstrosity (Depths:4)
  3 deep elf blademasters
  3 liches
  A deep elf master archer (Elf:3)
  A quicksilver dragon (WizLab)
  A titan (Depths:3)
  2 krakens
  An Executioner (Abyss:1)
  2 ancient champions (Crypt:3)
  Kirke (Elf:1)
  A shadow dragon (Depths:3)
  7 sphinxes
  3 tengu reavers
  2 draconian knights (WizLab)
  2 rockslimes
  3 daevas (Depths:2)
  Donald (Elf:3)
  An azure jelly (Slime:5)
  12 vault wardens
  4 deep elf sorcerers
  An emperor scorpion (Spider:2)
  A fire giant (Vaults:5)
  Aizul (Elf:3)
  A frost giant (Depths:2)
  5 ghost moths
  A shard shrike simulacrum (Crypt:3)
  An angel (Depths:2)
  2 orc warlords (Vaults:2)
  13 ironbound preservers
  5 ghouls
  A deep elf elementalist (Elf:3)
  3 broodmothers
  5 very ugly things
  A war gargoyle (Hell)
  A draconian annihilator (Depths:4)
  4 ironbound thunderhulks
  2 stone giants
  A caustic shrike skeleton (Hell)
  2 quicksilver oozes (Slime:5)
  2 vampire knights
  3 deep elf demonologists
  6 deep elf annihilators
  The ghost of Quaradoc the Gargoyle Aeon, a journeyman GrFi of Cheibriados (D:14)
  2 minotaurs
  Nessos (D:13)
  Azrael (Orc:2)
  17 dire elephants
  4 spark wasps
  Snorg (D:13)
  8 ettins
  3 jiangshi
  3 merfolk impalers
  Josephine (D:13)
  5 deep elf death magi
  A fire dragon (Depths:4)
  5 entropy weavers
  23 vault guards
  2 deep elf high priests
  8 yaktaur captains
  Fannar (Abyss:1)
  A rakshasa (Abyss:1)
  3 ice dragons
  8 great orbs of eyes
  3 hydras
  2 great orbs of eyes (shapeshifter) (Abyss:3)
  2 ogre magi
  Erolcha (Orc:2)
  2 ironbound frosthearts
  A jorogumo (Spider:4)
  A spriggan air mage (WizLab)
  An alligator snapping turtle (Shoals:4)
  A peacekeeper (Vaults:1)
  7 centaur warriors
  2 merfolk aquamancers
  3 merfolk avatars
  3 two-headed ogres
  A death knight (D:14)
  22 dancing weapons
  9 boulder beetles
  11 satyrs (Shoals:4)
  2 radroaches
  A tengu warrior (D:13)
  An anaconda (shapeshifter) (Vaults:5)
  2 thrashing horrors
  7 death yaks
  3 deep troll earth magi
  2 vampire magi
  2 orc high priests
  Urug (D:13)
  A soul eater (Hell)
  Nergalle (Orc:1)
  15 deep elf knights
  5 hell knights
  A large abomination (Abyss:1)
  A sun demon (Hell)
  A fire crab (Lair:3)
  11 skeletal warriors
  2 wretched stars (Abyss:1)
  3 skysharks
  An iron troll (Depths:3)
  A shadow wraith (Crypt:3)
  3 sixfirhies
  A salamander mystic (WizLab)
  5 sun moths
  2 cherubim (Depths:2)
  2 pharaoh ants
  Lodul (D:14)
  A spectral death yak (Lair:5)
  An anaconda zombie (Crypt:1)
  An obsidian statue (Lair:5)
  A flayed ghost (Crypt:3)
  37 deep trolls
  10 orb spiders
  8 deep elf archers
  An orange crystal statue (Depths:4)
  9 sea snakes
  17 deep elf pyromancers
  11 phantasmal warriors
  5 orc knights
  7 wizards
  A steelbarb worm (Spider:4)
  5 lindwurms
  12 ironbound convokers
  A shining eye (Slime:5)
  18 harpies
  17 deep elf zephyrmancers
  18 wolf spiders
  5 necromancers
  3 mana vipers (WizLab)
  14 manticores
  An eleionoma zombie (Crypt:1)
  4 orc sorcerers
  17 fauns
  9 cyclopes
  13 ugly things
  17 elephants
  A will-o-the-wisp (Abyss:1)
  3 moths of wrath
  A dire elephant zombie (Lair:5)
  7 black mambas
  Maurice (Orc:1)
  2 guardian serpents (shapeshifter) (Abyss:3)
  3 water nymphs
  6 merfolk sirens
  A naga mage (WizLab)
  8 vault sentinels
  3 demonic crawlers
  A gargoyle (D:10)
  An apocalypse crab (Abyss:1)
  6 torpor snails
  A smoke demon (Abyss:1)
  25 yaktaurs
  4 unseen horrors
  6 cane toads
  A spark wasp simulacrum (Depths:1)
  An efreet (D:14)
  A minotaur zombie (Crypt:3)
  A rime drake (Lair:1)
  A kobold demonologist (D:12)
  An iron troll zombie (Crypt:1)
  2 komodo dragons
  2 tengu conjurers
  A guardian mummy (Crypt:3)
  A freezing wraith (D:12)
  10 meliai
  A queen bee (Lair:4)
  10 merfolk
  A red devil (Depths:2)
  4 trolls
  4 wind drakes
  A polar bear (Lair:4)
  24 tarantellas
  A raiju (Abyss:3)
  Prince Ribbit (D:7)
  12 blink frogs
  Grinder (D:5)
  3 hornets (Spider:4)
  A snapping turtle (shapeshifter) (Depths:3)
  An ettin zombie (Hell)
  10 snapping turtles
  21 dream sheep
  A spectral elephant (Lair:5)
  27 jumping spiders
  2 centaur simulacra
  23 slime creatures
  11 flying skulls (Gauntlet)
  3 shadows
  8 wraiths
  14 culicivoras
  An air elemental (Elf:3)
  3 vampires
  4 wyverns
  24 yaks
  A yak (shapeshifter) (D:13)
  11 water elementals
  4 basilisks
  A starcursed mass (Abyss:3)
  2 fire elementals (Orc:2)
  16 humans (D:13)
  6 nameless horrors
  A chaos spawn (Abyss:1)
  3 hogs (Elf:1)
  5 golden eyes
  A redback (shapeshifter) (Vaults:5)
  35 redbacks
  Menkaure (D:7)
  A death yak simulacrum (Lair:5)
  A spectral cane toad (Lair:5)
  3 acid dragons
  A hydra simulacrum (Gauntlet)
  A floating eye (Depths:4)
  7 water moccasins
  2 ice beasts
  14 orc warriors
  3 sky beasts
  An elephant zombie (Lair:5)
  17 ogres
  An elephant skeleton (Lair:5)
  A boggart (Vaults:3)
  A small abomination (Abyss:3)
  10 wolves
  9 centaurs
  A blink frog skeleton (Crypt:1)
  2 kobold brigands
  A rime drake skeleton (Crypt:3)
  A komodo dragon zombie (Crypt:2)
  3 gnoll sergeants
  11 bullfrogs
  A necrophage (Crypt:2)
  6 scorpions
  An earth elemental (Elf:2)
  2 cane toad simulacra (Lair:5)
  A hornet simulacrum (Gauntlet)
  12 wights
  10 killer bees
  An elephant simulacrum (Lair:5)
  10 howler monkeys
  3 hounds
  A human zombie (Crypt:3)
  4 jellies
  Crazy Yiuf (D:7)
  An iguana (D:5)
  18 orc priests
  A sleepcap (D:5)
  Ijyb (D:3)
  Natasha (thrice) (D:3)
  6 hell rats
  16 orc wizards
  Terence (D:3)
  A mummy (Crypt:3)
  A howler monkey zombie (Crypt:2)
  8 gnolls
  8 adders
  A river rat (D:8)
  2 shadow imps
  2 white imps
  4 ufetubi
  A lava snake skeleton (Crypt:1)
  A lava snake zombie (Crypt:1)
  2 worms (D:3)
  3 dart slugs
  55 orcs
  5 bats
  7 endoplasms
  2 giant cockroaches
  5 goblins
  9 hobgoblins
  2 jackals (D:3)
  15 kobolds
  4 quokkas
  4 ball pythons
  6 rats
1379 creatures vanquished.

Vanquished Creatures (collateral kills)
  the Royal Jelly (Slime:5)
  Dissolution (Slime:5)
  Khufu (Crypt:3)
  A dread lich (Vaults:5)
  Mennas (Crypt:3)
  3 juggernauts
  A royal mummy (Crypt:3)
  The ghost of Roocroe the Impregnable, a veteran MiGl of Hepliaklqana (Crypt:1)
  Saint Roka (Crypt:3)
  Geryon (Hell)
  A bone dragon (Crypt:3)
  6 golden dragons
  6 tentacled monstrosities
  Zenata (Vaults:4)
  2 walking earthen tomes (Depths:3)
  The ghost of Vuykkinei the Brawler, an adept TrBe of Trog (Spider:2)
  7 titans
  5 eldritch tentacles
  5 ancient champions (Crypt:3)
  A deep elf master archer (Elf:3)
  A kraken (Shoals:4)
  14 acid blobs
  6 sphinxes
  2 tentacled starspawn (Abyss:1)
  2 tengu reavers
  10 shadow dragons
  8 azure jellies
  2 storm dragons
  6 rockslimes (Slime:5)
  A fenstrider witch (Shoals:2)
  5 revenants
  7 frost giants
  2 iron dragons
  2 ghost moths (Spider:4)
  Louise (Depths:3)
  13 vault wardens
  A draconian knight (WizLab)
  9 fire giants
  An orc warlord (Orc:2)
  A deep elf sorcerer (Elf:3)
  2 balrugs
  A draconian shifter (Depths:4)
  2 angels (Depths:2)
  An emperor scorpion (Spider:4)
  9 ghouls
  3 deep elf elementalists (Elf:3)
  The ghost of Kuerar the Basher, a journeyman BaFi of Cheibriados (Lair:4)
  A reaper (Hell)
  A war gargoyle (Vaults:1)
  3 curse skulls
  A very ugly thing (Vaults:3)
  A caustic shrike skeleton (Crypt:3)
  A cacodemon (Abyss:1)
  8 stone giants
  6 ironbound preservers
  A broodmother (Spider:4)
  4 ironbound thunderhulks
  8 quicksilver oozes
  6 vampire knights
  4 deep elf annihilators
  A lorocyproca (Depths:4)
  A purple draconian (Depths:4)
  2 deep elf demonologists (Elf:3)
  A green draconian (Depths:4)
  5 spark wasps
  A bunyip (shapeshifter) (Depths:2)
  3 starcursed masses
  7 deep elf death magi
  2 crystal guardians (Abyss:3)
  The ghost of domi the Geomancer, a journeyman MeEE of Cheibriados (D:11)
  4 dire elephants
  6 ettins
  A mummy priest (Crypt:3)
  7 eidola
  6 jiangshi
  8 fire dragons
  6 yaktaur captains
  3 deep elf high priests
  5 great orbs of eyes
  4 vault guards (Vaults:5)
  7 ice dragons
  4 hydras
  A great orb of eyes (shapeshifter) (Abyss:3)
  3 rakshasas
  A spriggan zombie (Hell)
  4 entropy weavers
  A merfolk avatar (Shoals:2)
  An ogre mage (Vaults:5)
  A radroach (Spider:2)
  2 death knights
  5 spriggan air magi
  A peacekeeper (Vaults:1)
  A bennu zombie (Crypt:2)
  3 two-headed ogres (Vaults:5)
  2 tengu warriors
  4 dancing weapons
  7 vampire magi
  3 deep troll earth magi
  4 deep troll shamans
  3 spriggan berserkers
  2 death yaks
  4 thrashing horrors
  A soul eater (Depths:2)
  A sun demon (Depths:3)
  10 hell knights
  A storm dragon zombie (Depths:1)
  A sixfirhy (Abyss:1)
  5 deep elf knights
  7 iron trolls
  A wretched star (Abyss:3)
  6 shadow wraiths
  2 pharaoh ants
  A quicksilver dragon simulacrum (Crypt:3)
  13 skeletal warriors
  2 sea snakes
  4 cherubim (Depths:2)
  A bunyip skeleton (Crypt:1)
  18 deep trolls
  5 flayed ghosts
  A swamp dragon (shapeshifter) (Vaults:5)
  3 bog bodies
  A spectral anaconda (Lair:5)
  2 glowing orange brains
  3 wizards
  13 phantasmal warriors
  3 orc knights
  3 deep elf archers
  12 harpies
  9 deep elf pyromancers
  7 deep elf zephyrmancers
  An orc sorcerer (Orc:2)
  2 mana vipers (WizLab)
  5 necromancers
  An iron dragon zombie (Crypt:2)
  5 shining eyes
  11 ugly things
  3 worldbinders
  3 wolf spiders
  4 manticores
  A shining eye (shapeshifter) (Vaults:5)
  A tengu skeleton (Depths:1)
  A water nymph (Shoals:3)
  3 eyes of devastation
  2 moths of wrath
  A naga mage (WizLab)
  A molten gargoyle (Hell)
  3 vault sentinels
  2 elephants (Lair:5)
  3 cane toads (Lair:5)
  5 rust devils
  A grey draconian zombie (Crypt:3)
  4 demonic crawlers
  3 centaur skeletons (D:15)
  5 unseen horrors (Abyss:3)
  A shock serpent skeleton (Crypt:3)
  A minotaur zombie (Crypt:3)
  A catoblepas skeleton (Crypt:1)
  A tengu conjurer (Depths:1)
  An ancient zyme (Abyss:1)
  A minotaur skeleton (Crypt:1)
  A white draconian zombie (Crypt:3)
  11 freezing wraiths
  4 guardian mummies (Crypt:3)
  8 yaktaurs
  2 harpy skeletons
  6 tarantellas
  2 wind drakes
  3 merfolk
  6 hornets
  5 blink frogs
  A boulder beetle zombie (Crypt:2)
  A wolf spider simulacrum (D:15)
  4 large abominations
  3 snapping turtles (Shoals:4)
  A dream sheep (Shoals:4)
  An ettin zombie (Hell)
  A shadow (Abyss:1)
  71 slime creatures
  6 yaks
  5 jumping spiders
  7 flying skulls
  2 ynoxinuls
  6 water elementals
  An air elemental (Elf:1)
  3 spriggans
  2 vampires (Crypt:3)
  5 culicivoras
  4 wraiths
  5 golden eyes
  2 fire elementals
  7 redbacks
  2 vampire mosquitoes (D:15)
  2 wargs
  2 hell hounds (Orc:2)
  A water moccasin (Lair:4)
  8 orc warriors
  A blink frog zombie (Crypt:3)
  A boggart (Vaults:3)
  4 ogres
  An elephant skeleton (Lair:5)
  A draconian zombie (Crypt:2)
  2 small abominations
  A necrophage (Crypt:1)
  An earth elemental (Elf:2)
  A gnoll sergeant (D:11)
  A yak skeleton (Crypt:2)
  An electric eel (D:11)
  A polar bear skeleton (Crypt:3)
  5 orc priests
  An iron imp (Abyss:1)
  2 hell rats (Hell)
  8 orc wizards
  A mummy (Crypt:3)
  2 ufetubi (Gauntlet)
  An adder skeleton (Crypt:1)
  18 orcs
  A kobold zombie (Crypt:1)
  2 lurking horrors (Abyss:3)
  A starspawn tentacle (Abyss:1)
815 creatures vanquished.

Vanquished Creatures (others)
  20 eldritch tentacles
  A fire giant (Depths:3)
  A dancing weapon (D:14)
  An ugly thing (Depths:1)
  A cane toad (Lair:5)
  A smoke demon (Hell)
  A yak (Lair:5)
  A golden eye (shapeshifter) (D:14)
  An orc wizard (Orc:2)
  An orc (Orc:1)
  A kobold (D:10)
  4 foxfires (Abyss:1)
  2 lurking horrors (Abyss:3)
  A starspawn tentacle (Abyss:1)
  17 tentacles
54 creatures vanquished.

Grand Total: 2248 creatures vanquished

Notes
Turn   | Place    | Note
-------+----------+-------------------------------------------
     0 | D:1      | wingedge the Human Earth Elementalist began the quest for
                  | the Orb.
     0 | D:1      | Reached XP level 1. HP: 13/13 MP: 3/3
   189 | D:1      | Reached skill level 1 in Conjurations
   237 | D:1      | Reached XP level 2. HP: 19/19 MP: 3/5
   855 | D:2      | Reached XP level 3. HP: 24/24 MP: 3/6
   911 | D:2      | Learned a level 3 spell: Stone Arrow
  1164 | D:2      | You fall into a shaft and drop 1 floor!
  1324 | D:3      | Found a shadowy altar of Dithmenos.
  1329 | D:3      | Found a shimmering altar of Xom.
  1333 | D:3      | Reached XP level 4. HP: 31/31 MP: 6/8
  1407 | D:3      | Noticed Ijyb
  1410 | D:3      | Noticed Terence
  1461 | D:3      | Reached skill level 1 in Fighting
  1648 | D:3      | Noticed Natasha
  1651 | D:3      | Killed Natasha
  1652 | D:3      | Reached XP level 5. HP: 37/37 MP: 5/9
  1859 | D:2      | Found Facad's Magic Scroll Boutique.
  1865 | D:2      | Bought a scroll of identify for 26 gold pieces
  2419 | D:3      | Noticed Natasha
  2422 | D:3      | Killed Natasha
  2567 | D:3      | Killed Ijyb
  2568 | D:3      | Reached XP level 6. HP: 24/43 MP: 1/11
  2693 | D:3      | Killed Terence
  3114 | D:3      | Upgraded the game from 0.30.0-16-gbe6223bb7e to
                  | 0.30.0-17-ge0270778cf
  3509 | D:4      | Reached skill level 1 in Necromancy
  3509 | D:4      | Reached XP level 7. HP: 50/50 MP: 5/12
  4099 | D:5      | Entered Level 5 of the Dungeon
  4465 | D:5      | Identified the +10 falchion of Juirine {distort, rCorr}
  4478 | D:5      | Noticed Grinder
  4484 | D:5      | Killed Grinder
  4485 | D:5      | Reached XP level 8. HP: 43/58 MP: 10/15
  4543 | D:5      | Learned a level 3 spell: Vampiric Draining
  4970 | D:5      | Found a staircase to the Ecumenical Temple.
  4985 | Temple   | Entered the Ecumenical Temple
  5353 | Temple   | Became a worshipper of Ashenzari the Shackled
  5543 | D:6      | Reached skill level 5 in Spellcasting
  5693 | D:6      | Reached skill level 5 in Conjurations
  5693 | D:6      | Reached skill level 5 in Earth Magic
  5903 | D:6      | Reached XP level 9. HP: 49/63 MP: 2/17
  5970 | D:6      | Reached skill level 1 in Long Blades
  6255 | D:6      | Identified the +1 robe "Ojiggo" {rF+ rCorr Str-2 Dex+6}
  6958 | D:7      | Reached skill level 5 in Fighting
  7037 | D:7      | Reached skill level 1 in Armour
  7103 | D:7      | Noticed Menkaure
  7105 | D:7      | Killed Menkaure
  7280 | D:7      | Noticed Prince Ribbit
  7289 | D:7      | Killed Prince Ribbit
  7539 | D:7      | Found a runed translucent door.
  7539 | D:7      | Noticed Crazy Yiuf
  7546 | D:7      | Killed Crazy Yiuf
  7735 | D:7      | Identified the +9 mace "Ahyitir" {pain, rElec rC+ Int+2}
  7797 | D:8      | Reached XP level 10. HP: 74/74 MP: 15/19
  7999 | D:7      | Reached skill level 5 in Long Blades
  8554 | D:8      | Reached skill level 1 in Shields
  8857 | D:8      | Reached * piety under Ashenzari
  9312 | D:8      | Found a staircase to the Lair.
  9313 | D:8      | Noticed a death yak
  9314 | D:8      | Noticed a death yak
  9314 | D:8      | Noticed a death yak
  9345 | D:8      | Killed a death yak
  9349 | D:8      | Killed a death yak
  9350 | D:8      | Reached skill level 5 in Shields
  9350 | D:8      | Reached XP level 11. HP: 53/81 MP: 11/20
  9353 | D:8      | Killed a death yak
  9871 | D:8      | Reached ** piety under Ashenzari
 10501 | D:9      | Reached skill level 5 in Dodging
 10919 | D:9      | Reached skill level 5 in Necromancy
 11478 | D:10     | Entered Level 10 of the Dungeon
 11675 | D:10     | Identified the +8 flail of Koschet {elec, rF+ rN+ Str-5
                  | SInv}
 11703 | D:10     | Found Wushra's Armour Shop.
 11733 | D:10     | Reached skill level 1 in Evocations
 12105 | D:10     | Noticed a deep elf pyromancer
 12111 | D:10     | Killed a deep elf pyromancer
 12394 | Lair:1   | Entered Level 1 of the Lair of Beasts
 12740 | Lair:1   | Reached XP level 12. HP: 86/91 MP: 16/21
 13033 | Lair:1   | Reached *** piety under Ashenzari
 13560 | Lair:2   | You fall into a shaft and drop 1 floor!
 13590 | Lair:2   | Noticed a boulder beetle
 13625 | Lair:2   | Killed a boulder beetle
 14266 | Lair:2   | Reached skill level 5 in Stealth
 14470 | Lair:2   | Found a hole to the Spider Nest.
 14485 | Lair:2   | Reached **** piety under Ashenzari
 15160 | Lair:3   | Reached skill level 5 in Armour
 15164 | Lair:3   | Noticed a fire crab
 15177 | Lair:3   | Killed a fire crab
 15501 | Lair:3   | Learned a level 2 spell: Poisonous Vapours
 15506 | Lair:3   | Learned a level 4 spell: Olgreb's Toxic Radiance
 15537 | Lair:3   | Reached XP level 13. HP: 102/104 MP: 18/25
 15595 | Lair:3   | Identified the +1 leather armour of the Spider Nest {Will+}
 15600 | Lair:3   | Found a staircase to the Shoals.
 15744 | Lair:3   | Reached skill level 1 in Air Magic
 15744 | Lair:3   | Reached skill level 1 in Poison Magic
 15900 | Lair:3   | Learned a level 4 spell: Airstrike
 15905 | Lair:3   | Learned a level 4 spell: Summon Lightning Spire
 15944 | Lair:3   | Identified the +0 leather armour of Whack-A-Mole {Contam
                  | Harm Rampage rF+++}
 16501 | Lair:4   | Noticed a seven-headed hydra
 16511 | Lair:4   | Killed a seven-headed hydra
 16512 | Lair:4   | Reached skill level 1 in Summonings
 16714 | Lair:4   | Found the ring of the Hare {EV+10}
 16731 | Lair:4   | Reached ***** piety under Ashenzari
 17090 | Lair:4   | Reached skill level 2 in Summonings
 17198 | Lair:4   | Found a transporter.
 17202 | Lair:4   | Found a transporter.
 17203 | Lair:4   | Noticed Kuerar's ghost (journeyman BaFi)
 17772 | Lair:4   | Found a staircase to the Slime Pits.
 18194 | Lair:5   | Entered Level 5 of the Lair of Beasts
 18385 | Lair:5   | Noticed an eight-headed hydra
 18394 | Lair:5   | Killed an eight-headed hydra
 18534 | Lair:5   | Reached skill level 3 in Summonings
 18534 | Lair:5   | Reached XP level 14. HP: 101/116 MP: 6/27
 18544 | Lair:5   | Reached skill level 10 in Shields
 18683 | Lair:5   | Found an ornate altar of the Wu Jian Council.
 18683 | Lair:5   | Found a hide-covered altar of Uskayaw.
 19475 | Lair:5   | Reached ****** piety under Ashenzari
 19621 | Lair:5   | Noticed a dire elephant
 19621 | Lair:5   | Noticed a dire elephant
 19622 | Lair:5   | Noticed a dire elephant
 19709 | Lair:5   | Reached skill level 4 in Summonings
 19709 | Lair:5   | Reached skill level 5 in Poison Magic
 20192 | Lair:5   | Learned a level 4 spell: Summon Ice Beast
 20210 | Lair:5   | Reached skill level 10 in Fighting
 20512 | Lair:5   | Banished a dire elephant
 20519 | Lair:5   | Killed a dire elephant
 20520 | Lair:5   | Killed a dire elephant
 20521 | Lair:5   | Reached skill level 1 in Ice Magic
 20997 | Lair:4   | Reached XP level 15. HP: 101/121 MP: 16/28
 21016 | Lair:4   | Killed Kuerar's ghost
 21325 | D:11     | Found Giqiunn's Weapon Shoppe.
 21459 | D:11     | Reached skill level 5 in Air Magic
 21863 | D:11     | Noticed domi's ghost (journeyman MeEE)
 21864 | D:11     | Found a runed translucent door.
 21879 | D:11     | Killed domi's ghost
 22131 | D:11     | Found a staircase to the Orcish Mines.
 22295 | Orc:1    | Entered Level 1 of the Orcish Mines
 22295 | Orc:1    | Noticed Nergalle
 22302 | Orc:1    | Noticed Fannar
 22309 | Orc:1    | Banished Fannar
 22337 | Orc:1    | Noticed Maurice
 22360 | Orc:1    | Killed Maurice
 22725 | Orc:1    | Killed Nergalle
 22764 | Orc:1    | Reached skill level 1 in Hexes
 23124 | Orc:2    | Entered Level 2 of the Orcish Mines
 23144 | Orc:2    | Noticed Azrael
 23150 | Orc:2    | Killed Azrael
 23296 | Orc:2    | Learned a level 2 spell: Sublimation of Blood
 23374 | Orc:2    | Noticed Erolcha
 23385 | Orc:2    | Killed Erolcha
 23556 | Orc:2    | Noticed an orc warlord
 23564 | Orc:2    | Reached skill level 5 in Summonings
 23571 | Orc:2    | Killed an orc warlord
 23941 | Orc:2    | Found Esyptuss's Book Boutique.
 23948 | Orc:2    | Bought a book of Vapours for 364 gold pieces
 23948 | Orc:2    | Bought the Precepts of Allies and Effluvium for 588 gold
                  | pieces
 23948 | Orc:2    | Bought a book of Winter for 476 gold pieces
 23952 | Orc:2    | Learned a level 3 spell: Ozocubu's Armour
 23962 | Orc:2    | Found a staircase to the Elven Halls.
 23996 | Orc:2    | Found Docout's Antique Weapon Boutique.
 24011 | Orc:2    | Found Zaret's General Store.
 24027 | Orc:2    | Found Vaorhef's Antique Armour Boutique.
 24212 | D:11     | Learned a level 3 spell: Ignite Poison
 24356 | D:12     | Found a gate leading to a gauntlet.
 24392 | Gauntlet | Entered a Gauntlet
 24392 | Gauntlet | Found a transporter.
 24392 | Gauntlet | Found a runed translucent gate.
 24392 | Gauntlet | Found a transporter.
 24427 | Gauntlet | Found a runed translucent gate.
 24428 | Gauntlet | Found a runed translucent gate.
 24438 | Gauntlet | Found a runed translucent door.
 24439 | Gauntlet | Found a transporter.
 24440 | Gauntlet | Found a runed translucent door.
 24447 | Gauntlet | Found a transporter.
 24447 | Gauntlet | Found a transporter.
 24450 | Gauntlet | Found a transporter.
 24453 | Gauntlet | Identified the +1 rapier of Internal Strife {speed, rCorr}
 24496 | Gauntlet | Found a transporter.
 24496 | Gauntlet | Found a transporter.
 24513 | Gauntlet | Found a transporter.
 24526 | Gauntlet | Found a transporter.
 24551 | Gauntlet | Found a transporter.
 24558 | Gauntlet | Found a transporter.
 24558 | Gauntlet | Found a transporter.
 24602 | Gauntlet | Found a transporter.
 24602 | Gauntlet | Identified the ring "Ivoruruh" {Fire rPois Dex+2}
 24945 | Gauntlet | Identified the +8 chain mail of the Tuna {Regen+ Str-2
                  | Int+4 SInv}
 26087 | D:13     | Noticed Nessos
 26087 | D:13     | Noticed Urug
 26087 | D:13     | Noticed Josephine
 26087 | D:13     | Found a gate to the Vaults.
 26091 | D:13     | Reached skill level 1 in Fire Magic
 26091 | D:13     | Reached XP level 16. HP: 83/130 MP: 19/30
 26092 | D:13     | Killed Nessos
 26092 | D:13     | Killed Josephine
 26098 | D:13     | Killed Urug
 26874 | D:13     | Noticed Snorg
 26883 | D:13     | Killed Snorg
 27177 | D:14     | Noticed Jorgrun
 27184 | D:14     | Killed Jorgrun
 27314 | D:14     | Noticed Lodul
 27316 | D:14     | Killed Lodul
 27390 | D:14     | Learned a level 5 spell: Summon Mana Viper
 27647 | D:14     | Found a runed translucent door.
 27648 | D:14     | Found a shimmering altar of Xom.
 27648 | D:14     | Noticed Quaradoc's ghost (journeyman GrFi)
 27669 | D:14     | Killed Quaradoc's ghost
 27873 | D:14     | Found Fusi's Antique Armour Shop.
 28132 | D:15     | Entered Level 15 of the Dungeon
 28389 | D:15     | Reached skill level 6 in Summonings
 28469 | D:15     | Noticed a tengu reaver
 28475 | D:15     | Killed a tengu reaver
 28916 | D:15     | Found a staircase to the Depths.
 29621 | Spider:1 | Entered Level 1 of the Spider Nest
 29768 | Spider:1 | Reached XP level 17. HP: 54/136 MP: 15/31
 30168 | Spider:1 | Reached skill level 5 in Hexes
 30413 | Spider:1 | Learned a level 6 spell: Death Channel
 30523 | Spider:1 | Reached skill level 7 in Summonings
 31565 | Spider:2 | Identified the Vellum of Ill-starred Bringing Forth
 31566 | Spider:2 | Noticed Vuykkinei's ghost (adept TrBe)
 31591 | Spider:2 | Found a runed translucent gate.
 31771 | Orc:2    | Bought the +5 Storm Queen's Shield {shock, Fly rElec} for
                  | 1140 gold pieces
 31771 | Orc:2    | Found the +5 Storm Queen's Shield {shock, Fly rElec}
 32145 | Spider:2 | Identified a scroll of acquirement
 32154 | Spider:2 | Acquired the +0 mask of the Dragon {Will+ Slay+3 SInv}
 32154 | Spider:2 | Found the +0 mask of the Dragon {Will+ Slay+3 SInv}
 32158 | Spider:2 | Found a runed translucent gate.
 32158 | Spider:2 | Found a runed translucent gate.
 32160 | Spider:2 | Identified the +3 executioner's axe of the Charming Traitor
                  | {protect, rC+ Dex+2}
 32763 | Spider:2 | HP: 4/137 [Vuykkinei's ghost (37)]
 32766 | Spider:2 | Killed Vuykkinei's ghost
 33410 | Spider:3 | Reached skill level 10 in Long Blades
 33949 | Spider:3 | Reached XP level 18. HP: 144/144 MP: 2/34
 34267 | Spider:4 | Entered Level 4 of the Spider Nest
 34313 | Spider:4 | Reached skill level 10 in Necromancy
 34322 | Spider:4 | Identified the +4 broad axe of Odyz {freeze, Str+4}
 34333 | Spider:4 | Reached skill level 10 in Spellcasting
 34660 | Spider:4 | Reached skill level 8 in Summonings
 35742 | Spider:4 | Got a gossamer rune of Zot
 35751 | Spider:4 | Learned a level 7 spell: Haunt
 36140 | Spider:4 | Acquired 1225 gold pieces
 37060 | Shoals:1 | Entered Level 1 of the Shoals
 37507 | Shoals:1 | Noticed a kraken
 37516 | Shoals:1 | Killed a kraken
 37690 | Shoals:1 | Reached XP level 19. HP: 153/153 MP: 20/36
 38009 | Shoals:1 | Reached skill level 9 in Summonings
 39899 | Shoals:2 | Found Nusigayt's Weapon Shoppe.
 40613 | D:3      | Noticed Natasha
 40615 | D:3      | Killed Natasha
 40643 | D:2      | Bought a scroll of acquirement for 676 gold pieces
 40643 | D:2      | Acquired the +0 pair of boots of Discretion {Regen+ Dex+5}
 41022 | Shoals:3 | Found Duown's Antique Armour Shoppe.
 41841 | Shoals:4 | Entered Level 4 of the Shoals
 42174 | Shoals:4 | Identified the +7 halberd "Fehaxul" {elec, rN+++ Int-5
                  | Dex+3}
 42183 | Shoals:4 | Acquired the +8 autumn katana {manifold assault}
 42183 | Shoals:4 | Found the +8 autumn katana {manifold assault}
 42412 | Shoals:4 | Reached skill level 10 in Summonings
 42434 | Shoals:4 | Identified the ring "Seesur" {rElec Will+ AC+4 Stlth+}
 42452 | Shoals:4 | Got a barnacled rune of Zot
 42594 | Shoals:4 | Reached XP level 20. HP: 162/162 MP: 10/38
 43464 | Vaults:1 | Entered Level 1 of the Vaults
 43488 | Vaults:1 | Found a magical portal.
 43529 | WizLab   | Entered Yara's Duelist Academy
 44199 | WizLab   | Noticed Fyfan
 44210 | WizLab   | Killed Fyfan the Head Instructor
 45097 | Vaults:1 | Found Meefolai's Antique Armour Emporium.
 45186 | Vaults:1 | Learned a level 8 spell: Summon Horrible Things
 45237 | Vaults:1 | Reached skill level 11 in Summonings
 46585 | Vaults:1 | Reached skill level 15 in Necromancy
 47156 | Vaults:2 | Reached skill level 12 in Summonings
 47333 | Vaults:2 | Reached XP level 21. HP: 148/174 MP: 3/41
 47590 | Vaults:2 | Reached skill level 13 in Summonings
 48189 | Vaults:2 | Found a staircase to the Crypt.
 48516 | Vaults:2 | Identified the +4 spear of Magnificence {protect, Will++
                  | Dex-2}
 48781 | Vaults:2 | Reached skill level 14 in Summonings
 49288 | Vaults:3 | Found a portal to a secret trove of treasure.
 49701 | Vaults:3 | Acquired 1022 gold pieces
 50104 | Vaults:3 | Noticed a golden dragon
 50111 | Vaults:3 | Killed a golden dragon
 50296 | Vaults:3 | Reached skill level 15 in Summonings
 50322 | Vaults:3 | Learned a level 7 spell: Monstrous Menagerie
 50789 | Vaults:3 | Found a runed translucent gate.
 50789 | Vaults:3 | Found a runed translucent gate.
 50789 | Vaults:3 | Found a runed translucent gate.
 50794 | Vaults:3 | Noticed theMacoje's ghost (adept OgEn)
 50803 | Vaults:3 | Identified the +3 hat of the Hanged Man {*Corrode Str+9
                  | Int+4}
 50803 | Vaults:3 | Identified the staff of earth "Isithaosch" {Will+}
 50816 | Vaults:3 | Banished theMacoje's ghost
 50817 | Vaults:3 | Reached XP level 22. HP: 181/181 MP: 6/43
 51964 | Vaults:4 | Reached skill level 16 in Summonings
 52021 | Vaults:4 | Identified the +9 great sword of an ossuary {flame, rPois}
 52090 | Vaults:4 | Reached skill level 1 in Translocations
 52201 | Vaults:4 | Reached skill level 15 in Spellcasting
 52586 | Vaults:4 | Noticed Zenata
 52941 | Vaults:4 | Killed Zenata
 54368 | D:2      | Bought a scroll of amnesia for 52 gold pieces
 54377 | D:2      | Learned a level 7 spell: Malign Gateway
 54702 | Vaults:5 | Entered Level 5 of the Vaults
 54708 | Vaults:5 | Reached skill level 5 in Translocations
 54719 | Vaults:5 | Reached XP level 23. HP: 168/187 MP: 15/45
 54738 | Vaults:5 | Found Maivetog's Distillery.
 54768 | Vaults:5 | Found Viggud's Distillery.
 54931 | Vaults:5 | Noticed a dread lich
 54936 | Vaults:5 | Gained mutation: You are weak. (Str -2) [a cacodemon]
 54954 | Vaults:5 | Killed a dread lich
 55201 | Vaults:5 | Found Erphuqewo's Weapon Shoppe.
 55394 | Vaults:5 | Reached skill level 10 in Dodging
 55567 | Vaults:5 | Identified the +6 dire flail of Bucigug {freeze, rPois
                  | Str+2}
 56042 | Vaults:5 | Gained mutation: You occasionally lose the ability to read
                  | scrolls when taking damage. [a shining eye]
 56174 | Vaults:5 | Found Xoobedumn's Jewellery Shoppe.
 56209 | Vaults:5 | Reached skill level 15 in Fighting
 56401 | Vaults:5 | Found Ycvylac's Jewellery Boutique.
 56402 | Vaults:5 | Found Ejotiob's Distillery.
 56410 | Vaults:5 | Bought a potion of curing for 63 gold pieces
 56410 | Vaults:5 | Bought a potion of berserk rage for 105 gold pieces
 56410 | Vaults:5 | Bought a potion of heal wounds for 105 gold pieces
 56410 | Vaults:5 | Bought a potion of heal wounds for 105 gold pieces
 56410 | Vaults:5 | Bought a potion of might for 84 gold pieces
 56410 | Vaults:5 | Bought a potion of curing for 63 gold pieces
 56410 | Vaults:5 | Bought a potion of curing for 63 gold pieces
 56505 | Vaults:5 | Noticed a golden dragon
 56514 | Vaults:5 | Killed a golden dragon
 56527 | Vaults:5 | Got a silver rune of Zot
 56530 | Vaults:5 | Found Waum's Magic Scroll Shoppe.
 57149 | Slime:1  | Entered Level 1 of the Pits of Slime
 57175 | Slime:1  | Reached XP level 24. HP: 177/198 MP: 27/46
 58368 | Slime:5  | Entered Level 5 of the Pits of Slime
 58385 | Slime:5  | Gained mutation: You do not regenerate when monsters are
                  | visible. [a shining eye]
 58387 | Slime:5  | Lost mutation: You are weak. (Str -2) [potion of mutation]
 58387 | Slime:5  | Lost mutation: You occasionally lose the ability to read
                  | scrolls when taking damage. [potion of mutation]
 58387 | Slime:5  | Gained mutation: Your magical capacity is low. (-10% MP)
                  | [potion of mutation]
 58397 | Slime:5  | Lost mutation: Your magical capacity is low. (-10% MP)
                  | [potion of mutation]
 58397 | Slime:5  | Lost mutation: You do not regenerate when monsters are
                  | visible. [potion of mutation]
 58397 | Slime:5  | Gained mutation: Your magical capacity is low. (-10% MP)
                  | [potion of mutation]
 58397 | Slime:5  | Gained mutation: You are vulnerable to cold. (rC-) [potion
                  | of mutation]
 58397 | Slime:5  | Gained mutation: You are somewhat resistant to further
                  | mutation. [potion of mutation]
 58398 | Slime:5  | Lost mutation: You are somewhat resistant to further
                  | mutation. [potion of mutation]
 58398 | Slime:5  | Lost mutation: You are vulnerable to cold. (rC-) [potion of
                  | mutation]
 58398 | Slime:5  | Gained mutation: You are weak. (Str -2) [potion of
                  | mutation]
 58398 | Slime:5  | Gained mutation: You occasionally shout uncontrollably at
                  | your foes. [potion of mutation]
 58398 | Slime:5  | Lost mutation: Your magical capacity is low. (-10% MP)
                  | [potion of mutation]
 58399 | Slime:5  | Lost mutation: You occasionally shout uncontrollably at
                  | your foes. [potion of mutation]
 58399 | Slime:5  | Lost mutation: You are weak. (Str -2) [potion of mutation]
 58399 | Slime:5  | Gained mutation: You are somewhat resistant to further
                  | mutation. [potion of mutation]
 58635 | Slime:5  | Reached skill level 17 in Summonings
 58649 | Slime:5  | Noticed the Royal Jelly
 58654 | Slime:5  | Noticed Dissolution
 58657 | Slime:5  | Killed the Royal Jelly
 58665 | Slime:5  | Killed Dissolution
 58689 | Slime:5  | Identified the +8 plate armour of Sorcery {Dex+4}
 58692 | Slime:5  | Identified the +6 chain mail "Kidamiw" {Contam rPois Dex+4
                  | Stlth+}
 58692 | Slime:5  | Found the +3 Mad Mage's Maulers {Infuse+∞ VampMP -Cast}
 58692 | Slime:5  | Identified the +5 hand axe of Honour {drain, rCorr Dex+3}
 58713 | Slime:5  | Identified the +0 helmet "Hogob" {rPois Regen+ Str+2}
 58720 | Slime:5  | Identified the staff of cold "Dotits" {rC+ Will+ Int-4
                  | Dex+8}
 58747 | Slime:5  | Identified the +7 dagger of True Grit {heavy, Str+2}
 58803 | Slime:5  | Got a slimy rune of Zot
 59325 | Elf:1    | Entered Level 1 of the Elven Halls
 59325 | Elf:1    | Noticed Kirke
 59337 | Elf:1    | Killed Kirke
 59598 | Elf:1    | Found an ancient bone altar of Kikubaaqudgha.
 60034 | Elf:1    | Found Beudd's Jewellery Emporium.
 60262 | Elf:1    | Found a gateway to a bazaar.
 60393 | Elf:1    | Learned a level 5 spell: Borgnjor's Vile Clutch
 60395 | Bazaar   | Entered a bazaar
 60396 | Bazaar   | Found Zoasomp's Jewellery Shoppe.
 60403 | Bazaar   | Found Hockelet's Antique Weapon Shop.
 60428 | Bazaar   | Found Meuromp's General Store.
 60433 | Bazaar   | Found Sonwiphau's Distillery.
 60444 | Bazaar   | Found Deqyr's Antique Armour Shoppe.
 60448 | Bazaar   | Bought a heavily runed leather armour for 231 gold pieces
 60448 | Bazaar   | Identified the +2 leather armour of the Old World {rPois
                  | rN+ Int+4} (You bought it in a shop in a bazaar)
 60464 | Bazaar   | Bought a potion of haste for 150 gold pieces
 60464 | Bazaar   | Bought a potion of curing for 45 gold pieces
 60464 | Bazaar   | Bought a potion of brilliance for 60 gold pieces
 60464 | Bazaar   | Bought a potion of resistance for 150 gold pieces
 60464 | Bazaar   | Bought a potion of magic for 120 gold pieces
 60464 | Bazaar   | Bought a potion of magic for 120 gold pieces
 60464 | Bazaar   | Bought a potion of heal wounds for 75 gold pieces
 60464 | Bazaar   | Bought a potion of heal wounds for 75 gold pieces
 60464 | Bazaar   | Bought a potion of heal wounds for 75 gold pieces
 60636 | Elf:1    | Found Naeghis's Magic Scroll Boutique.
 60639 | Elf:1    | Bought a scroll of blinking for 142 gold pieces
 60639 | Elf:1    | Bought a scroll of amnesia for 76 gold pieces
 60785 | Elf:2    | Found a flickering gateway to a bazaar.
 60796 | Bazaar   | Entered a bazaar
 60885 | Bazaar   | Found Cuomyrek's Book Emporium.
 60885 | Bazaar   | Found Asivameqos's Jewellery Shoppe.
 60897 | Bazaar   | Bought a book of the Dragon for 644 gold pieces
 60897 | Bazaar   | Bought a book of Armaments for 504 gold pieces
 60912 | Bazaar   | Learned a level 5 spell: Irradiate
 60921 | Elf:2    | Identified the +0 robe of the Evil One {rCorr Int+3
                  | Archmagi}
 61141 | Elf:2    | Found a runed translucent gate.
 61141 | Elf:2    | Found a runed translucent gate.
 61144 | Elf:2    | Found a runed translucent gate.
 61164 | Elf:2    | Reached XP level 25. HP: 202/208 MP: 31/47
 61917 | Elf:3    | Entered Level 3 of the Elven Halls
 62107 | Elf:3    | Found Runyi's Book Shoppe.
 62108 | Elf:3    | Found Rotsayj's Jewellery Shop.
 62108 | Elf:3    | Found Agho's Jewellery Shop.
 62141 | Elf:3    | Noticed Donald
 62147 | Elf:3    | Killed Donald
 62153 | Elf:3    | Noticed Aizul
 62162 | Elf:3    | Killed Aizul
 62630 | Elf:3    | Bought the ring of Weruyvun {Wiz Will+ Dex+4 Slay+2 Stlth-}
                  | for 754 gold pieces
 63032 | Elf:3    | Reached skill level 18 in Summonings
 63035 | Elf:3    | Reached skill level 5 in Transmutations
 63528 | Elf:3    | Identified the ring of Enteluf {rC+ rCorr}
 63658 | Elf:3    | Identified the +7 flail of Fomnur {flame, rF+ rN+ Str+2
                  | Int+2}
 63669 | Elf:3    | Identified the staff of fire "Leamukk" {Fly rF+ Will++
                  | Int-4}
 63671 | Elf:3    | Identified the staff of air "Ethrausho" {rElec Str+2 Int+3
                  | Dex+2}
 63679 | Elf:3    | Identified the +8 spear of the Sage {speed, Will+ rCorr}
 63684 | Elf:3    | Found the +10 dark maul {heavy}
 63999 | Crypt:1  | Entered Level 1 of the Crypt
 64605 | Crypt:1  | Identified the staff of cold "Igus" {rC+ SInv}
 64606 | Crypt:1  | Found a runed translucent door.
 64606 | Crypt:1  | Found a shimmering altar of Xom.
 64606 | Crypt:1  | Noticed Roocroe's ghost (veteran MiGl)
 64630 | Crypt:1  | Killed Roocroe's ghost
 65159 | Crypt:1  | Noticed Margery
 65168 | Crypt:1  | Killed Margery
 65861 | Crypt:1  | Reached XP level 26. HP: 198/218 MP: 14/47
 66637 | Crypt:2  | Learned a level 9 spell: Dragon's Call
 67472 | Crypt:3  | Entered Level 3 of the Crypt
 67815 | Crypt:3  | Noticed Saint Roka
 67821 | Crypt:3  | Killed Saint Roka
 68359 | Crypt:3  | Noticed Mennas
 68369 | Crypt:3  | Killed Mennas
 68637 | Crypt:3  | Noticed a royal mummy
 68650 | Crypt:3  | Killed a royal mummy
 68650 | Crypt:3  | Identified the ring of the Unkillable {rC+ rN+ Will+}
 68660 | Crypt:3  | Reached skill level 10 in Stealth
 68660 | Crypt:3  | Reached skill level 19 in Summonings
 68803 | Crypt:3  | Identified the +7 spear of Calculation {freeze, rElec
                  | rPois}
 68803 | Crypt:3  | Identified the ring of Ogucvoeg {rC+ rN+ rCorr Dex+2}
 69080 | Crypt:3  | Noticed Khufu
 69499 | Crypt:3  | Killed Khufu
 69742 | Crypt:3  | Found a staircase to the Tomb.
 69830 | Crypt:3  | Found a basalt altar of Yredelemnul.
 69834 | Crypt:3  | Found an ancient bone altar of Kikubaaqudgha.
 69835 | Crypt:3  | Identified the ring "Xint" {+Blink rN+ Slay+6 SInv Stlth+}
 69835 | Crypt:3  | Identified the ring of Orphunona {rN+ Int+4}
 69836 | Crypt:3  | Identified the staff of cold "Mesor" {rF+ rC+ Str+5}
 69877 | Crypt:3  | Identified the staff of cold "Fuawob" {Fragile rC+ Will+
                  | Int+4}
 70152 | Depths:1 | Entered Level 1 of the Depths
 70306 | Depths:1 | Reached skill level 10 in Conjurations
 70461 | Depths:1 | Identified the +6 ring mail of the Gastropod {Dex+5}
 70463 | Depths:1 | Found a gateway to Hell.
 70648 | Depths:1 | Found a one-way gate to the infinite horrors of the Abyss.
 70652 | Depths:1 | Found an ornate altar of the Wu Jian Council.
 70667 | Depths:1 | Reached XP level 27. HP: 224/224 MP: 43/48
 70695 | Depths:1 | Voluntarily entered the Abyss.
 70745 | Abyss:1  | Found a corrupted altar of Lugonu.
 70750 | Abyss:1  | Found a corrupted altar of Lugonu.
 70784 | Abyss:1  | Found a corrupted altar of Lugonu.
 70784 | Abyss:1  | Found a corrupted altar of Lugonu.
 70978 | Abyss:1  | Found a corrupted altar of Lugonu.
 70978 | Abyss:1  | Found a corrupted altar of Lugonu.
 70978 | Abyss:1  | Found a corrupted altar of Lugonu.
 71065 | Abyss:1  | Killed Fannar
 71099 | Depths:1 | Escaped the Abyss
 71173 | Depths:1 | Voluntarily entered the Abyss.
 71257 | Abyss:3  | Got an abyssal rune of Zot
 71268 | Abyss:3  | Found a corrupted altar of Lugonu.
 71348 | Depths:1 | Escaped the Abyss
 71815 | Depths:2 | Reached skill level 20 in Summonings
 72050 | Depths:2 | Noticed a juggernaut
 72056 | Depths:2 | Killed a juggernaut
 72354 | Depths:2 | Noticed Mara
 72360 | Depths:2 | Killed Mara
 72531 | Depths:2 | Found a one-way gate leading to the halls of Pandemonium.
 72964 | Depths:2 | Acquired the amulet of Limitation {+Blink Will+ Regen+
                  | Slay+2}
 73071 | Depths:2 | Identified the +2 robe of Xeptyat {rN+ Int+3 Dex-4}
 73295 | Depths:2 | Found a glowing silver altar of Zin.
 73509 | Depths:2 | Identified the staff of death "Wiwor" {Fly rF- rN+ Int+2
                  | Dex+4}
 73608 | Depths:2 | Learned a level 8 spell: Lehudib's Crystal Spear
 73847 | Depths:3 | Noticed a juggernaut
 73857 | Depths:3 | Reached skill level 5 in Evocations
 73858 | Depths:3 | Killed a juggernaut
 73862 | Depths:3 | Reached skill level 10 in Earth Magic
 73984 | Depths:3 | Noticed a juggernaut
 73985 | Depths:3 | Noticed Louise
 73994 | Depths:3 | Killed a juggernaut
 74002 | Depths:3 | Killed Louise
 74572 | Depths:3 | Identified the +6 scale mail of Fenwuwk {SInv}
 74731 | Depths:3 | Found Kienuri's Assorted Antiques.
 74738 | Depths:3 | Bought an ominously black robe for 245 gold pieces
 74738 | Depths:3 | Identified the +0 robe of Sloth {rPois rC+ Str+3 Slay-3}
                  | (You bought it in a shop on level 3 of the Depths)
 75516 | Depths:4 | Entered Level 4 of the Depths
 75537 | Depths:4 | Paralysed by a floating eye for 2 turns
 75648 | Depths:4 | Found a one-way gateway to a ziggurat.
 75788 | Depths:4 | Found a gate to the Realm of Zot.
 76705 | Depths:4 | Found a shimmering blue altar of Sif Muna.
 76749 | Hell     | Entered the Vestibule of Hell
 76749 | Hell     | Noticed Geryon
 76838 | Hell     | Killed Geryon
 77310 | Hell     | Killed from afar by a war gargoyle

Illustrated notes

Levels and vault maps discovered:
D:1:      minmay_arrival_shattered_statue, layout_basic
D:2:      layout_basic, serial_shops, shop, minmay_fountain_box,
          chequers_arboretum
D:3:      layout_basic, grunt_temple_overflow_open, uniq_terence, uniq_ijyb,
          uniq_natasha
D:4:      layout_cave_pools, minmay_misc_feat_ornament,
          hangedman_abyss_or_decor_stagger
D:5:      layout_basic, minmay_temple_entry_offerings, uniq_grinder
D:6:      layout_basic
D:7:      layout_loops_ring, uniq_crazy_yiuf_cottage, uniq_prince_ribbit1,
          uniq_menkaure
D:8:      layout_basic, dpeg_lair_monsters, minivault_10, minmay_crossroads
D:9:      layout_basic
D:10:     layout_long_grid, serial_shops, nicolae_shop_behind_doors,
          kennysheep_pointless_box, minmay_misc_feat_cross
D:11:     layout_roguey, orc_0_dummy, hellmonk_ghost_happy_afterlife,
          serial_rivers, chequers_serial_rivers_micro_b,
          chequers_serial_rivers_micro_a, chequers_serial_rivers_micro_b,
          chequers_serial_rivers_marsh, chequers_serial_rivers_micro_b,
          chequers_serial_rivers_room_b, serial_shops, shop, kennysheep_potato
D:12:     layout_loops_cross, gauntlet_entry_generic, nzn_sisyphean_effort
D:13:     layout_long_grid, david_vaults_3, uniq_josephine, uniq_snorg
D:14:     layout_basic, minmay_misc_feat_encased, ebering_ghost_xom,
          serial_shops, nicolae_shop_hallway_stairs, nrook_loot_triangle,
          uniq_lodul, uniq_jorgrun
D:15:     grunt_enter_depths_magical_seal, layout_basic, serial_park_avenue1,
          minivault_25_ag
Temple:   mainiacjoe_temple_cubbyholes
Lair:1:   layout_layer_cave
Lair:2:   layout_roguey, spider_nest_entry_rubble, infiniplex_staircase_pool,
          grunt_megastairs_2
Lair:3:   layout_hall_layers, minmay_shoals_entry_beasts
Lair:4:   layout_cave_pods, dpeg_slime_entry_enclosed, gammafunk_ghost_hive,
          wad_woods_road_01, uniq_nessos
Lair:5:   due_jungle_book, layout_regular_city, nzn_masters_of_martial_movement
Shoals:1: layout_shoals, nicolae_shoals_water_elemental_grotto
Shoals:2: layout_shoals, serial_shops, nicolae_shop_bloodbath_and_beyond,
          nicolae_shoals_beach_house_on_fowls_legs
Shoals:3: layout_shoals, serial_shops, nicolae_shop_hallway_stairs,
          nicolae_shoals_lost_giant_temple, nicolae_shoals_water_booths
Shoals:4: shoals_end_hellmonk_lost_city
Spider:1: layout_spider_delve, nicolae_spider_solar_radiation
Spider:2: layout_spider_delve, gammafunk_ghost_split
Spider:3: layout_cave_pods, nicolae_orb_stairs
Spider:4: spider_rune_water
Slime:1:  layout_caves
Slime:2:  layout_caves
Slime:3:  layout_caves
Slime:4:  layout_caves, nicolae_slime_welcoming_committee
Slime:5:  uniq_dissolution
Orc:1:    layout_caves, uniq_nergalle, uniq_fannar, uniq_maurice
Orc:2:    grunt_orc_cross, layout_caves, uniq_azrael, uniq_erolcha
Elf:1:    eino_elf_arrival_shootout, layout_geoelf_octagon, serial_shops,
          bzr_entry_customers, nicolae_shop_window_shopping, shop, basic_altar,
          minmay_elf_demonology, minivault_26, uniq_kirke
Elf:2:    elven_hall_of_blades_hangedman_original [nicolae_blade_little_rooms],
          layout_rooms, serial_shops, bzr_entry_islet
Elf:3:    elf_hall, layout_geoelf_diagonals, st_stairs_6, minmay_shop_grove,
          uniq_donald, uniq_aizul, uniq_louise
Vaults:1: lightli_enter_wizlab_magi_temple, nicolae_vaults_trapezoid_4,
          nicolae_vaults_shipping_containers_2, dpeg_vaults_monster_box,
          ontoclasm_vaults_twist, nicolae_vaults_house_3,
          nicolae_vaults_diamond_1, v_misc_12, vaults_dpeg_ring,
          layout_vaults_omnigrid, serial_shops, nicolae_shop_just_a_little_nook
Vaults:2: minmay_crypt_entry_simple_round, vaults_room_hallway,
          nicolae_vaults_three_branches, v_misc_30, nicolae_vaults_diamond_1,
          nicolae_vaults_border_crossing, nicolae_vaults_turnstiles,
          nicolae_vaults_meiosis, v_pattern_1, ontoclasm_vaults_loading_screen,
          ontoclasm_vaults_tryst, layout_vaults_omnibox
Vaults:3: gammafunk_ghost_tricky_traps, nicolae_vaults_thirteen_compartments,
          nicolae_vaults_spaceships, v_misc_4, ontoclasm_vaults_eye,
          nicolae_vaults_asterisk, nicolae_vaults_wine_cellar,
          nicolae_vaults_surprise_closet, nicolae_vaults_sealed_display,
          vaults_dpeg_emergency_exit, layout_vaults_chaotic_city, enter_trove_3
Vaults:4: nicolae_vaults_door_testing_chamber, ontoclasm_vaults_spin,
          nicolae_vaults_storage_room_statues, v_misc_5,
          nicolae_vaults_triangles, hangedman_vaults_impose,
          nicolae_vaults_alarming, nicolae_vaults_what_the_h,
          vaults_room_large_hall, nicolae_vaults_cochlea, layout_vaults_ring,
          uniq_zenata
Vaults:5: serial_shops
Crypt:1:  layout_basic, ebering_ghost_xom, grunt_crypt_arrival_webbed,
          uniq_margery
Crypt:2:  layout_misc_corridors, serial_glass, glass_columns_a, glass_columns_c
Crypt:3:  lightli_unholy_cathedral, layout_chaotic_city,
          tomb_entry_shell_bobbens, grunt_ministairs_4, uniq_khufu,
          uniq_saint_roka, uniq_mennas
Depths:1: layout_gridville, abyss_entry_crystal, hell_entry,
          chequers_serial_rivers_marsh, nzn_wu_jian_contemplation
Depths:2: evilmike_silver_temple, layout_gridlike, rand_demon_pan_entry_8,
          hangedman_decor_growths, grunt_hell_entry_dis_grunt,
          minmay_staircase_windowed_small, uniq_mara
Depths:3: minmay_four_inscribed_fans, layout_honeycomb,
          nicolae_abyss_entry_one_way_or_another, kennysheep_small_spiral,
          grunt_pan_entry_zigzag, hell_entry, serial_shops, shop
Depths:4: evilmike_zot_entry_diamond, layout_long_grid, enter_ziggurat_b,
          nicolae_wwwww, pf_hell_entry_tar_spiral, rand_demon_pan_entry_5,
          minivault_16, tgw_sif
Hell

Skill      XL: |  1  2  3  4  5  6  7  8  9 10 11 12 13 14 15 16 17 18 19 20 21 22 23 24 25 26 27 |
---------------+----------------------------------------------------------------------------------+-----
Conjurations   | 1 2 3 4 5 6 7 9 10 13 | 13.5
Fighting       | 1 2 3 5 6 7 8 9 10 11 12 13 15 16 17 | 17.0
Spellcasting   | 3 4 5 6 7 8 9 11 12 14 15 16 17 18 | 18.0
Earth Magic    | 4 5 6 7 11 | 11.8
Necromancy     | 1 2 4 5 6 9 10 12 15 17 | 17.5
Long Blades    | 4 5 6 7 8 9 10 | 10.8
Armour         | 2 4 5 6 7 |  7.7
Dodging        | 3 4 5 6 7 8 9 10 | 10.8
Shields        | 5 7 8 9 11 12 13 14 | 14.9
Stealth        | 4 5 6 8 11 | 11.8
Evocations     | 1 3 4 5 |  5.5
Air Magic      | 3 4 5 |  5.6
Poison Magic   | 3 5 7 |  7.4
Summonings     | 3 4 5 6 7 8 10 12 15 16 17 18 19 20 | 20.3
Ice Magic      | 1 3 |  3.7
Hexes          | 2 4 6 7 8 9 |  9.8
Transmutations | 2 3 4 6 8 |  8.0
Fire Magic     | 1 2 |  2.3
Translocations | 6 9 |  9.8

Action                     |  1- 3 |  4- 6 |  7- 9 | 10-12 | 13-15 | 16-18 | 19-21 | 22-24 | 25-27 || total
---------------------------+-------+-------+-------+-------+-------+-------+-------+-------+-------++-------
  Melee: Short sword       |     1 |       |       |       |       |       |       |       |       ||     1
         Dagger            |       |     8 |    14 |       |       |       |       |       |       ||    22
         Falchion          |       |       |    57 |   271 |   528 |   262 |   146 |   184 |   455 ||  1903
         Punch             |       |       |     1 |       |       |       |       |       |       ||     1
   Cast: Sandblast         |    37 |    48 |    11 |     2 |       |       |       |       |       ||    98
         Stone Arrow       |       |    17 |    67 |   140 |    63 |    12 |     3 |     2 |       ||   304
         Vampiric Draining |       |       |     1 |    40 |     9 |       |       |       |       ||    50
         Airstrike         |       |       |       |       |    36 |    30 |    45 |    30 |    17 ||   158
         Summon Lightning  |       |       |       |       |    61 |    30 |     3 |       |       ||    94
         Poisonous Vapours |       |       |       |       |    44 |   144 |   181 |    83 |    45 ||   497
         Olgreb's Toxic Ra |       |       |       |       |    32 |    53 |    59 |    39 |    11 ||   194
         Summon Ice Beast  |       |       |       |       |    36 |    11 |       |       |       ||    47
         Ignite Poison     |       |       |       |       |     9 |   142 |   232 |   113 |    34 ||   530
         Sublimation of Bl |       |       |       |       |     7 |    26 |    44 |    54 |    74 ||   205
         Ozocubu's Armour  |       |       |       |       |     4 |     9 |    14 |    12 |    28 ||    67
         Summon Mana Viper |       |       |       |       |       |    27 |    10 |    13 |       ||    50
         Death Channel     |       |       |       |       |       |    17 |    29 |    27 |    17 ||    90
         Haunt             |       |       |       |       |       |     8 |    53 |    86 |   124 ||   271
         Monstrous Menager |       |       |       |       |       |       |     5 |    34 |     2 ||    41
         Summon Horrible T |       |       |       |       |       |       |     3 |    17 |    15 ||    35
         Malign Gateway    |       |       |       |       |       |       |       |     9 |    15 ||    24
         Irradiate         |       |       |       |       |       |       |       |     2 |     5 ||     7
         Borgnjor's Vile C |       |       |       |       |       |       |       |     1 |   146 ||   147
         Dragon's Call     |       |       |       |       |       |       |       |       |    30 ||    30
         Lehudib's Crystal |       |       |       |       |       |       |       |       |     5 ||     5
 Invoke: Curse Item        |       |       |     1 |     6 |     4 |     1 |     1 |     1 |     3 ||    17
         Shatter the Chain |       |       |       |       |     1 |     3 |     1 |     1 |     3 ||     9
  Evoke: Wand              |       |       |       |     2 |     6 |       |       |       |       ||     8
         Box of beasts     |       |       |       |       |       |       |     1 |       |       ||     1
         Phial of floods   |       |       |       |       |       |       |     1 |       |       ||     1
         Condenser vane    |       |       |       |       |       |       |       |     1 |       ||     1
    Use: Scroll            |     1 |     1 |     3 |     3 |     4 |     3 |     5 |     3 |     8 ||    31
         Potion            |       |       |       |     1 |     1 |     2 |       |     9 |     6 ||    19
   Stab: Sleeping          |       |       |     1 |     3 |     2 |     2 |     2 |     1 |     2 ||    13
         Distracted        |       |       |       |       |     7 |     5 |     2 |     6 |    13 ||    33
         Confused          |       |       |       |       |       |       |       |     1 |       ||     1
         Paralysed         |       |       |       |       |       |       |       |     1 |     1 ||     2
 Armour: Robe              |     1 |     8 |    37 |    35 |    15 |    53 |     9 |    33 |    47 ||   238
         Leather armour    |       |       |       |   102 |    57 |       |       |       |       ||   159
  Dodge: Dodged            |     1 |    19 |    50 |   249 |   297 |   272 |   102 |   137 |   374 ||  1501
  Block: Kite shield       |       |       |       |   278 |   443 |   440 |   205 |   226 |   562 ||  2154
         Reflection        |       |       |       |       |     6 |    16 |    53 |    21 |    23 ||   119
